 Dungeon Crawl Stone Soup version 0.27.1-4-g1640c2035a (webtiles) character file.

Game seed: 16973617251044503947

2 jomper the Insei (level 1, -9/13 HPs)
             Began as an Octopode Transmuter on Nov 18, 2021.
             Killed from afar by Ijyb (11 damage)
             ... with a puff of flame
             ... on level 4 of the Dungeon.
             The game lasted 00:03:30 (347 turns).

jomper the Insei (Octopode Transmuter)               Turns: 347, Time: 00:03:30

Health: -9/13      AC:  1    Str:  9    XL:     1   Next: 30%
Magic:  3/3        EV: 13    Int: 15    God:
Gold:   48         SH:  0    Dex: 12    Spells: 3/4 levels left

rFire    . . .     SeeInvis .     - Unarmed
rCold    . . .     Faith    .   (no shield)
rNeg     . . .     Spirit   .   (helmet restricted)
rPois    .         Reflect  .   (no amulet)
rElec    .         Harm     .   (no ring)
rCorr    .         Rampage  .   (no ring)
Will     .....                  (no ring)
Stlth    ++........             (no ring)
HPRegen  0.04/turn              (no ring)
MPRegen  0.08/turn              (no ring)
                                (no ring)
                                (no ring)

@: no status effects
A: almost no armour, amphibious, 8 rings, camouflage 1, gelatinous body 1,
(nimble swimmer 1), tentacles
a: no special abilities


You were on level 4 of the Dungeon.
You visited 1 branch of the dungeon, and saw 4 of its levels.

You collected 48 gold pieces.

Inventory:

Missiles
 b - 25 arrows
Armour
 d - a +0 robe
Scrolls
 a - a scroll of fear {unknown}
 c - a scroll of identify {unknown}


   Skills:
 + Level 1.0 Fighting
 + Level 2.0 Dodging
 + Level 3.0 Unarmed Combat
 + Level 2.0 Spellcasting
 + Level 2.0 Transmutations


You had 3 spell levels left.
You knew the following spells:

 Your Spells              Type           Power      Damage    Failure   Level
a - Beastly Appendage     Tmut           14%        N/A       10%         1

Your spell library contained the following spells:

 Spells                   Type           Power      Damage    Failure   Level
 Wereblood                Tmut           7%         N/A       14%         2
 Spider Form              Tmut/Pois      2%         N/A       41%         3
 Ice Form                 Ice/Tmut       4%         N/A       82%         4


Dungeon Overview and Level Annotations

Branches:
Dungeon (4/15)
 Temple: D:4-7

Altars:

Annotations:
D:4 Ijyb


Innate Abilities, Weirdness & Mutations

You cannot wear most types of armour.
You are amphibious.
You can wear up to eight rings at the same time.
Your skin changes colour to match your surroundings (Stealth+).
Your rubbery body absorbs attacks. (AC +1, EV +1)
((You are camouflaged near water. (Stealth+)))
You have tentacles for arms and can constrict up to eight enemies at once.


Message History

You climb downwards.
There is a stone staircase leading up here.
You open the door.
Found a robe.
There is an open door here.
Found a stone staircase leading down.
You see here a +0 robe.
d - a +0 robe You can't wear that!
There is a stone staircase leading down here.
You climb downwards.
You hear the sound of rushing water.
There is an entrance to a sewer on this level.
Hurry and find it before the portal rusts away!
Found a leather armour and 14 gold pieces.
Found an escape hatch in the floor.
There is a stone staircase leading up here.
You see here a +0 leather armour.
You now have 48 gold pieces (gained 14).
There is a stone staircase leading up here.
There is an escape hatch in the floor here.
You slide downwards.
The hatch slams shut behind you.
Found 6 gold pieces.
Found 8 javelins.
Ijyb the Twisted Goblin comes into view.
She is wielding a +0 club and carrying a wand of flame (12).
Ijyb shouts!
Ijyb screams, "Me stronger than you!"
You see here 6 gold pieces.
You see here 6 gold pieces.
Ijyb closely misses you.
You tentacle-slap Ijyb. Your grab misses Ijyb.
Ijyb is lightly wounded.
Ijyb zaps a wand.
The puff of flame hits you!
Ouch! That really hurt!
* * * LOW HITPOINT WARNING * * *
You tentacle-slap Ijyb but do no damage.
Your grab misses Ijyb.
Ijyb is lightly wounded.
Ijyb zaps a wand.
The puff of flame hits you!
Ouch! That really hurt!
You die...

.## #### .#.
#.. .. #.#
.###
#####.###....
#........#
#.###.##g#
#.....@#
#.###$.# #.
#..# # #..#
...# ....#
.....(
......##
#.#.#.##


You could see Ijyb.

Vanquished Creatures
  2 bats (D:1)
  A rat (D:1)
3 creatures vanquished.

Vanquished Creatures (others)
  5 toadstools (D:1)
5 creatures vanquished.

Grand Total: 8 creatures vanquished

Notes
Turn   | Place    | Note
-------+----------+-------------------------------------------
     0 | D:1      | jomper the Octopode Transmuter began the quest for the Orb.
     0 | D:1      | Reached XP level 1. HP: 13/13 MP: 3/3
   340 | D:4      | Noticed Ijyb
   347 | D:4      | Killed from afar by Ijyb

Illustrated notes

Levels and vault maps discovered:
D:1:      ldierk_walled_garden, layout_basic, serial_shops, shop, minivault_27
D:2:      layout_basic, serial_shops, shop, serial_bayou_pond_e,
          minmay_tromino_v2, uniq_natasha
D:3:      layout_rooms, tso_altar, mainiacjoe_overflow_24_doors, serial_rivers,
          chequers_serial_rivers_micro_e, chequers_serial_rivers_room_b,
          chequers_serial_rivers_small_a, chequers_serial_rivers_room_b,
          portal_sewer_entry_f, hellmonk_ecumenical_altar_heavens_door,
          nrook_uturn, uniq_sigmund
D:4:      layout_loops_corners, mainiacjoe_overflow_brackets, minmay_surrounded,
          uniq_blork_the_orc, uniq_ijyb, uniq_edmund

Action                   || total
-------------------------++-------
Melee: Unarmed           ||    15
       Constrict         ||     5
       Kick              ||     1
       Tentacles         ||     1
 Cast: Beastly Appendage ||     1
Armor: Skin              ||    12
Dodge: Dodged            ||    25
